 Dungeon Crawl Stone Soup version 0.28.0-47-ge53b351184 (webtiles) character file.

Game seed: 5047462177435239944

50 Iusername the Covered (level 3, -1/33 HPs)
             Began as a Minotaur Fighter on May 3, 2022.
             Slain by an adder (4 damage)
             ... on level 2 of the Dungeon.
             The game lasted 00:01:40 (883 turns).

Iusername the Covered (Minotaur Fighter)             Turns: 883, Time: 00:01:41

Health: -1/33      AC:  7    Str: 22    XL:     3   Next: 55%
Magic:  2/2        EV:  9    Int:  5    God:
Gold:   25         SH:  4    Dex:  9    Spells: 2/2 levels left

rFire   + . .      SeeInvis .   a - +0 long sword
rCold   + . .      Faith    .   c - +0 buckler
rNeg    . . .      Spirit   .   b - +0 scale mail
rPois   .          Reflect  .   (helmet restricted)
rElec   .          Harm     .   g - scarf {rC+ rF+}
rCorr   .          Rampage  .   (no gloves)
Will    .....                   (no boots)
Stlth   ..........              (no amulet)
HPRegen 0.11/turn               (no ring)
MPRegen 0.08/turn               (no ring)

@: mighty
A: horns 2, retaliatory headbutt
a: no special abilities


You were on level 2 of the Dungeon.
You visited 1 branch of the dungeon, and saw 2 of its levels.

You collected 25 gold pieces.

Inventory:

Hand Weapons
 a - a +0 long sword (weapon)
Armour
 b - a +0 scale mail (worn)
 c - a +0 buckler (worn)
 g - a scarf of resistance (worn)
Scrolls
 e - 2 scrolls of fear {unknown}
Potions
 f - 2 potions of mutation {unknown}
 h - a potion of flight {unknown}


   Skills:
 + Level 3.9 Fighting
 + Level 4.0 Long Blades
 + Level 4.0 Armour
 + Level 3.9 Shields
 + Level 0.1 Unarmed Combat


You had 2 spell levels left.
You didn't know any spells.
Your spell library contained the following spells:

 Spells                   Type           Power      Damage    Failure   Level
 Beastly Appendage        Tmut           0%         N/A       87%         1
 Wereblood                Tmut           0%         N/A       95%         2
 Spider Form              Tmut/Pois      0%         N/A       99%         3


Dungeon Overview and Level Annotations

Branches:
Dungeon (2/15)

Altars:


Innate Abilities, Weirdness & Mutations

You have a pair of horns on your head.
You reflexively headbutt those who attack you in melee.


Message History

The kobold barely misses you. The kobold barely misses you. The bat misses you.
You see here a frilled lizard corpse.
You barely miss the kobold. The bat barely misses you.
The kobold hits you but does no damage. The kobold barely misses you.
You touch the bat!
You kill the bat!
The kobold closely misses you.
Your Long Blades skill increases to level 4!
Your transformation is almost over.
The kobold misses you.
You see here a frilled lizard corpse.
The kobold completely misses you. The kobold hits you with a +0 whip.
* * * LOW HITPOINT WARNING * * *
You barely miss the kobold. The kobold completely misses you.
You barely miss the kobold. The kobold closely misses you.
You touch the kobold!
You kill the kobold!
You start resting.
An adder comes into view.
An adder is nearby!
An adder is nearby!
An adder is nearby!
The adder hisses angrily.
You see here a frilled lizard corpse.
You condense into your normal self.
Your +0 long sword unmelds from your body.
Your scarf of resistance unmelds from your body.
Your +0 buckler unmelds from your body.
Your +0 scale mail unmelds from your body.
You feel resistant to extremes of temperature.
Items here: ( )) / [.
You miss the adder. The adder bites you but does no damage.
The adder misses you.
You hit the adder.
The adder is moderately wounded.
The adder bites you.
You die...

#.......#
.......##
......!.##
##.....#...
#..........
#.......# ##
#.S.....# ...
##@....#
....###.†...##
......#†#####
#.....#
###.#..#
#.##...# ###.#
##.# #.# #...#
# #.# #.###


You could see an adder.

Vanquished Creatures
  Terence (D:2)
  2 dart slugs (D:2)
  3 bats
  An endoplasm (D:1)
  A giant cockroach (D:1)
  A goblin (D:1)
  A quokka (D:2)
  2 ball pythons
  3 frilled lizards
  4 kobolds
  5 rats
24 creatures vanquished.

Notes
Turn   | Place    | Note
-------+----------+-------------------------------------------
     0 | D:1      | Iusername the Minotaur Fighter began the quest for the Orb.
     0 | D:1      | Reached XP level 1. HP: 19/19 MP: 0/0
   307 | D:1      | Reached XP level 2. HP: 25/27 MP: 1/1
   843 | D:2      | Noticed Terence
   859 | D:2      | Killed Terence
   860 | D:2      | Reached XP level 3. HP: 5/33 MP: 2/2
   883 | D:2      | Slain by an adder

Illustrated notes

Levels and vault maps discovered:
D:1:      lemuel_arrival_tunnels, layout_rooms
D:2:      layout_rooms, serial_shops, shop_statue,
          ebering_ecumenical_altar_mist, uniq_terence

Skill      XL: |  1  2  3 |
---------------+----------+-----
Armour         | 4 |  4.0
Long Blades    | 3 4 |  4.0
Fighting       | |  3.9
Shields        | |  3.9
Unarmed Combat | |  0.1

Action                   || total
-------------------------++-------
Melee: Long sword        ||    68
       Headbutt          ||     7
       Unarmed           ||    14
  Use: Potion            ||     1
Armor: Scale mail        ||    43
       Skin              ||     5
Dodge: Dodged            ||    63
Block: Buckler           ||    14
